 Dungeon Crawl Stone Soup version 0.28.0 (webtiles) character file.

Game seed: 15287049092589200987

9237 fragbeetle the Cleaver (level 11, -1/81 (82) HPs)
             Began as a Hill Orc Cinder Acolyte on Feb 6, 2022.
             Was an Elder of Ignis.
             Slain by a black mamba (7 damage)
             ... on level 8 of the Dungeon.
             The game lasted 00:35:34 (12248 turns).

fragbeetle the Cleaver (Hill Orc Cinder Acolyte)   Turns: 12248, Time: 00:35:35

HP:   -1/81 (82)    AC: 14    Str: 19    XL:     11   Next: 43%
MP:   5/15          EV: 11    Int: 13    God:    Ignis [****..]
Gold: 586           SH:  0    Dex:  7    Spells: 10/16 levels left

rFire   + . .      SeeInvis .   a - -1 hand axe (flame)
rCold   + + +      Faith    .   (no shield)
rNeg    + . .      Spirit   .   s - +1 leather armour "Sidomm" {rC+++ Regen+ Str-2}
rPois   +          Reflect  .   q - +1 helmet
rElec   .          Harm     .   G - +2 ratskin cloak {*Rats rPois rN+ Str-1 Int-1 Dex+1}
rCorr   .          Rampage  .   (no gloves)
Will    .....                   (no boots)
Stlth   ++........              (no amulet)
HPRegen 1.03/turn               l - +4 ring of protection
MPRegen 0.14/turn               N - +4 ring of slaying

@: lethally poisoned (-1 -> -2), lightly drained
A: no striking features
a: Renounce Religion, Fiery Armour, Foxfire Swarm, Rising Flame


You were on level 8 of the Dungeon.
You worshipped Ignis.
Ignis was greatly pleased with you.
You visited 3 branches of the dungeon, and saw 13 of its levels.
You also visited: Ossuary.

You collected 586 gold pieces.

Inventory:

Hand Weapons
 a - a -1 hand axe of flaming (weapon)
 b - a +1 hunting sling of flaming
Missiles
 c - 29 poisoned darts
 e - 94 sling bullets
 F - 8 atropa-tipped darts
Armour
 q - a +1 helmet (worn)
 s - the +1 leather armour "Sidomm" (worn) {rC+++ Regen+ Str-2}
   (You found it on level 3 of the Dungeon)

   Str:       It affects your strength (-2).
   rC:        It renders you almost immune to cold.
   Regen:     It increases your rate of health regeneration.
 G - the +2 ratskin cloak (worn) {*Rats rPois rN+ Str-1 Int-1 Dex+1}
   (You found it on level 6 of the Dungeon)

   When the wearer is hurt, rats may emerge from it to assist them.
   Str:       It affects your strength (-1).
   Int:       It affects your intelligence (-1).
   Dex:       It affects your dexterity (+1).
   rPois:     It protects you from poison.
   rN:        It protects you from negative energy.
Magical Staves
 o - a staff of fire
Jewellery
 l - a +4 ring of protection (left hand)
 I - a ring of flight
 M - a ring of willpower
 N - a +4 ring of slaying (right hand)
Wands
 k - a wand of iceblast (13)
 p - a wand of flame (17)
 O - a wand of digging (7)
Scrolls
 u - 3 scrolls of vulnerability
 v - 4 scrolls of blinking
 w - a scroll of enchant armour
 y - 6 scrolls of teleportation {unknown}
 B - a scroll of magic mapping
 E - a scroll of noise {unknown}
 J - a scroll of summoning {unknown}
 K - a scroll of fear {unknown}
Potions
 f - 5 potions of haste
 g - a potion of flight {unknown}
 h - 5 potions of curing
 m - 2 potions of heal wounds
 n - 3 potions of lignification
 x - a potion of berserk rage {unknown}
 z - 2 potions of ambrosia
 A - 2 potions of resistance
 C - 2 potions of might
 D - 2 potions of attraction {unknown}


   Skills:
 - Level 3.6 Fighting
 - Level 14.0 Axes
 - Level 6.1 Armour
 - Level 5.0 Stealth
 - Level 3.0 Spellcasting
 - Level 6.0 Necromancy
 - Level 8.4 Fire Magic
 + Level 5.7 Evocations


You had 10 spell levels left.
You knew the following spells:

 Your Spells              Type           Power      Damage    Failure   Level
a - Scorch                Fire           48%        2d7       1%          2
b - Vampiric Draining     Necr           17%        2d7       7%          3
c - Animate Skeleton      Necr           34%        N/A       2%          1

Your spell library contained the following spells:

 Spells                   Type           Power      Damage    Failure   Level
 Pain                     Necr           68%        1d7       2%          1
 Sublimation of Blood     Necr           17%        N/A       3%          2
 Beastly Appendage        Tmut           2%         N/A       26%         1
 Wereblood                Tmut           1%         N/A       36%         2
 Spider Form              Tmut/Pois      1%         N/A       61%         3
 Stone Arrow              Conj/Erth      2%         3d7       61%         3
 Animate Armour           Summ/Erth      2%         N/A       95%         4
 Blade Hands              Tmut           0%         N/A       100%        5
 Iron Shot                Conj/Erth      0%         9d1       100%        6
 Summon Hydra             Summ           0%         N/A       100%        7
 Lehudib's Crystal Spear  Conj/Erth      0%         10d2      100%        8


Dungeon Overview and Level Annotations

Branches:
Dungeon (11/15)            Temple (1/1) D:6            Lair (1/6) D:8
    Orc (0/2) D:10        Ossuary (visited)

Altars:
Ashenzari
Cheibriados
Dithmenos
Elyvilon
Fedhas
Gozag
Hepliaklqana
Kikubaaqudgha
Makhleb
Nemelex Xobeh
Okawaru
Qazlal
Ru
Sif Muna
Trog
Uskayaw
Vehumet
Wu Jian
Xom
Yredelemnul
Zin
The Shining One

Shops:
D:6 *

Annotations:
D:2 1 runed translucent door, Crazy Yiuf
D:11 3 runed translucent doors, badtown22's ghost, journeyman HOBe; lastplaneout's ghost, journeyman MiFi
Lair:1 Nergalle


Message History

You climb upwards.
Welcome back to the Dungeon!
You feel very sick.
There is a staircase to the Lair here.
Casting: Scorch (safe; 1% risk of failure)
Confirm with . or Enter, or press ? or * to list all spells.
Flames lash the black mamba.
The black mamba is lightly wounded.
The black mamba's fire resistance burns away.
You feel sick.
The black mamba bites you but does no damage.
The black mamba bites you.
Casting: Scorch (safe; 1% risk of failure)
Confirm with . or Enter, or press ? or * to list all spells.
Flames lash the black mamba.
The black mamba is burned terribly!
The black mamba is moderately wounded.
You feel sick.
The black mamba bites you but does no damage.
The black mamba misses you.
Casting: Scorch (safe; 1% risk of failure)
Confirm with . or Enter, or press ? or * to list all spells.
Flames lash the black mamba.
The black mamba is burned terribly!
The black mamba is heavily wounded.
You feel sick. The black mamba bites you!
* * * LOW HITPOINT WARNING * * *
Unknown command.
Casting: Scorch (safe; 1% risk of failure)
Confirm with . or Enter, or press ? or * to list all spells.
Flames lash the black mamba.
The black mamba is burned terribly!
The black mamba is heavily wounded.
You feel sick. The black mamba barely misses you. The black mamba bites you!
* * * LOW HITPOINT WARNING * * *
Unknown command.
Casting: Scorch (safe; 1% risk of failure)
Confirm with . or Enter, or press ? or * to list all spells.
Flames lash the black mamba.
The black mamba is burned terribly!
The black mamba is almost dead.
You feel sick. The black mamba bites you!
* * * LOW HITPOINT WARNING * * *
The black mamba bites you!
You die...

#..............#..☼§..
########.########.☼§..
##.#.########### ####..#.......#
# #####.......#####.# # ######
##............# #.# # #....#
#.............##########
##....#####....................##
......'...#..##.@S.....#######.##
##....###..............####......
#....# ##..........#..#....###.#
#....# #.....÷...........)# #.#
###### ##.................# #.#
##### ####.##.....#.....# #..
#...# #........#.########. #...#
####.....#.# #... #...#
#######'#### #.(.


You could see a black mamba (combustible).

Vanquished Creatures
  Harold (D:8)
  2 two-headed ogres
  2 death yaks
  Joseph (D:7)
  A troll (D:8)
  A hornet (D:9)
  A vampire (D:10)
  Sigmund (D:3)
  6 yaks
  A wraith (D:10)
  A warg (D:10)
  An acid dragon (D:9)
  An ice beast (D:6)
  A black bear (D:8)
  An orc warrior (D:8)
  4 ogres
  3 centaurs
  2 phantoms
  An elf zombie (Ossuary)
  A kobold brigand (D:8)
  2 bullfrogs
  3 scorpions
  2 water moccasin skeletons
  11 killer bees
  3 howler monkeys
  2 human zombies (Ossuary)
  A jelly (D:6)
  2 bullfrog zombies (D:6)
  A centaur zombie (D:10)
  9 orc priests
  4 hounds
  A gnoll shaman (D:7)
  2 bullfrog skeletons (D:5)
  6 iguanas
  14 orc wizards
  Natasha (thrice) (D:4)
  A hell rat (D:8)
  A killer bee zombie (D:7)
  3 mummies
  Robin (D:3)
  6 gnolls
  2 howler monkey skeletons (D:5)
  11 adders
  3 river rats (D:8)
  A shadow imp (D:6)
  2 ufetubi (D:5)
  2 worms
  2 dart slugs
  35 orcs
  6 ball pythons
  8 bats
  4 endoplasms
  3 giant cockroaches (D:1)
  17 goblins
  14 hobgoblins
  8 kobolds
  5 quokkas
  A frilled lizard (D:1)
  3 goblin zombies (Ossuary)
  9 hobgoblin zombies
  A jackal zombie (Ossuary)
  12 kobold zombies (Ossuary)
  11 orc zombies (Ossuary)
  5 rats
276 creatures vanquished.

Vanquished Creatures (collateral kills)
  A yak (D:9)
  An orc warrior (D:10)
2 creatures vanquished.

Vanquished Creatures (others)
  A bat (D:1)
  A withered plant (D:11)
2 creatures vanquished.

Grand Total: 280 creatures vanquished

Notes
Turn   | Place    | Note
-------+----------+-------------------------------------------
     0 | D:1      | fragbeetle the Hill Orc Cinder Acolyte began the quest for
                  | the Orb.
     0 | D:1      | Reached XP level 1. HP: 19/19 MP: 2/2
   289 | D:1      | Reached XP level 2. HP: 23/26 MP: 3/3
   292 | D:1      | Learned a level 2 spell: Scorch
   770 | D:1      | Reached XP level 3. HP: 22/31 MP: 4/4
  1174 | D:1      | Reached skill level 5 in Axes
  2011 | D:2      | Reached XP level 4. HP: 39/39 MP: 2/5
  2226 | D:2      | Found a runed translucent door.
  2227 | D:2      | Noticed Crazy Yiuf
  2241 | D:2      | Found a faded altar of an unknown god.
  2705 | D:3      | Noticed Robin
  2935 | D:3      | Noticed Sigmund
  2960 | D:3      | Killed Sigmund
  2961 | D:3      | Reached skill level 6 in Axes
  2961 | D:3      | Reached skill level 5 in Fire Magic
  2961 | D:3      | Reached XP level 5. HP: 11/45 MP: 3/6
  2961 | D:3      | Reached XP level 6. HP: 13/51 MP: 3/7
  3387 | D:3      | Killed Robin
  3401 | D:3      | Identified the +1 leather armour "Sidomm" {rC+++ Regen+
                  | Str-2}
  3648 | D:3      | You fall into a shaft and drop 3 floors!
  3673 | D:6      | Reached skill level 7 in Axes
  3814 | D:6      | Found Belum's Lightly-Used Armoury.
  3826 | D:6      | Noticed an ice beast
  3850 | D:6      | Reached XP level 7. HP: 55/57 MP: 4/8
  3860 | D:6      | Reached skill level 8 in Axes
  4027 | D:6      | Reached skill level 9 in Axes
  4027 | D:6      | Reached XP level 8. HP: 30/64 MP: 4/9
  4329 | D:5      | Entered Level 5 of the Dungeon
  4627 | D:6      | Reached skill level 10 in Axes
  5071 | D:4      | Noticed Natasha
  5081 | D:4      | Killed Natasha
  5106 | D:4      | Found a sand-covered staircase.
  5146 | Ossuary  | Entered an ossuary
  5457 | Ossuary  | Reached skill level 11 in Axes
  5578 | D:4      | Noticed Natasha
  5582 | D:4      | Killed Natasha
  5594 | D:4      | Noticed Natasha
  5600 | D:4      | Killed Natasha
  6248 | D:5      | Reached XP level 9. HP: 70/70 MP: 3/10
  6258 | D:5      | Reached skill level 12 in Axes
  7253 | D:6      | Reached skill level 13 in Axes
  7336 | D:6      | Found the +2 ratskin cloak {*Rats rPois rN+ Str-1 Int-1
                  | Dex+1}
  7450 | D:6      | Found a sacrificial altar of Ru.
  7453 | D:6      | Found a burning altar of Makhleb.
  7455 | D:6      | Found a glowing silver altar of Zin.
  7510 | D:6      | Found a bloodstained altar of Trog.
  7512 | D:6      | Found a radiant altar of Vehumet.
  7518 | D:6      | Found a sparkling altar of Nemelex Xobeh.
  7576 | D:6      | Found a staircase to the Ecumenical Temple.
  7644 | Temple   | Entered the Ecumenical Temple
  7873 | D:7      | Noticed Joseph
  7900 | D:7      | Killed Joseph
  7901 | D:7      | Reached skill level 14 in Axes
  7998 | D:7      | Learned a level 3 spell: Vampiric Draining
  8149 | D:7      | Reached skill level 1 in Necromancy
  8978 | D:8      | Reached XP level 10. HP: 77/77 MP: 14/14
  9015 | D:8      | Found a staircase to the Lair.
  9015 | D:8      | Noticed a death yak
  9015 | D:8      | Noticed a death yak
  9246 | D:8      | Noticed Harold
  9273 | D:8      | Noticed a death yak
  9294 | D:8      | Killed Harold
  9295 | D:8      | Reached skill level 5 in Necromancy
  9361 | D:7      | Killed a death yak
  9362 | D:7      | Reached skill level 1 in Stealth
 10410 | D:8      | Killed a death yak
 10488 | D:8      | Reached skill level 5 in Armour
 10548 | D:8      | Reached XP level 11. HP: 14/82 MP: 8/15
 10851 | D:9      | Reached skill level 5 in Stealth
 10853 | D:9      | Learned a level 1 spell: Animate Skeleton
 11028 | D:10     | Entered Level 10 of the Dungeon
 11042 | D:10     | Reached skill level 1 in Evocations
 11170 | D:10     | Noticed a two-headed ogre
 11177 | D:10     | Killed a two-headed ogre
 11312 | D:10     | Found a faded altar of an unknown god.
 11312 | D:10     | Found a shimmering blue altar of Sif Muna.
 11320 | D:10     | Found an iron altar of Okawaru.
 11323 | D:10     | Found a snail-covered altar of Cheibriados.
 11325 | D:10     | Found a broken altar of Ashenzari.
 11400 | D:10     | Found a staircase to the Orcish Mines.
 11999 | D:10     | Reached skill level 5 in Evocations
 12035 | D:11     | Noticed a two-headed ogre
 12099 | D:11     | Found a runed translucent gate.
 12099 | D:11     | Found a runed translucent gate.
 12099 | D:11     | Found a runed translucent gate.
 12100 | D:11     | Noticed badtown22's ghost (journeyman HOBe)
 12101 | D:11     | Noticed lastplaneout's ghost (journeyman MiFi)
 12108 | D:11     | Noticed a two-headed ogre
 12117 | D:11     | Killed a two-headed ogre
 12117 | D:11     | Noticed a boulder beetle
 12208 | Lair:1   | Entered Level 1 of the Lair of Beasts
 12229 | Lair:1   | Noticed Nergalle
 12248 | D:8      | Slain by a black mamba

Illustrated notes

Levels and vault maps discovered:
D:1:      dpeg_arrival_snail, layout_loops_ring, minmay_misc_feat_diagonals,
          grunt_decor_resistance, lemuel_old_faithful
D:2:      layout_basic, ebering_ecumenical_altar_ruins, uniq_crazy_yiuf_cottage
D:3:      layout_rooms, uniq_robin, uniq_sigmund
D:4:      layout_rooms, nicolae_ossuary_entry_giza,
          kennysheep_decorative_pillar, uniq_natasha
D:5:      layout_loops_corners, minmay_chambers_of_fives
D:6:      minmay_flawed_box, layout_basic, nicolae_overflow_hallway_of_the_gods,
          temple_green, minmay_shop_damaged, dk_noncrumbling_2
D:7:      layout_rooms, uniq_joseph
D:8:      layout_basic, dpeg_lair_monsters, lemuel_flame_loot_1, uniq_harold
D:9:      layout_rooms
D:10:     layout_roguey, chequers_temple_overflow_minitemple, erik_orc_4
D:11:     layout_cave_pools, gammafunk_ghost_cemetery
Temple:   nicolae_temple_hex_pool
Lair:1:   layout_cellular_growth, chequers_serial_rivers_micro_d,
          chequers_serial_rivers_micro_b, uniq_nergalle

Skill      XL: |  1  2  3  4  5  6  7  8  9 10 11 |
---------------+----------------------------------+-----
Fire Magic     | 4 5 6 7 8 |  8.4
Axes           | 5 6 7 9 11 14 | 14.0
Spellcasting   | 3 |  3.0
Necromancy     | 3 6 |  6.0
Armour         | 5 6 |  6.1
Stealth        | 4 5 |  5.0
Evocations     | 5 |  5.7
Fighting       | |  3.6

Action                   |  1- 3 |  4- 6 |  7- 9 | 10-12 || total
-------------------------+-------+-------+-------+-------++-------
Melee: Hand axe          |   104 |    28 |   586 |   348 ||  1066
       Punch             |     1 |     1 |    11 |     7 ||    20
       Staff             |       |    51 |     2 |       ||    53
 Fire: Hunting sling     |       |       |     7 |     4 ||    11
Throw: Dart              |     2 |       |       |     4 ||     6
       Throwing net      |       |       |       |     1 ||     1
 Cast: Scorch            |     4 |    23 |    54 |    47 ||   128
       Vampiric Draining |       |       |       |     1 ||     1
Invok: Fiery Armour      |       |     1 |     1 |     3 ||     5
Evoke: Wand              |       |       |     4 |    10 ||    14
  Use: Scroll            |       |       |     2 |     9 ||    11
       Potion            |       |       |     2 |       ||     2
 Stab: Held in net/web   |       |       |       |     1 ||     1
Armor: Robe              |    38 |    47 |       |       ||    85
       Leather armour    |       |     2 |   228 |   160 ||   390
Dodge: Dodged            |    59 |    78 |   273 |   164 ||   574
